[ AOE2 MATCH · #507194466 ]
UnrankedTeutons vs Britons
Player's team · WIN
Rival team · LOSS
[ REPLAY ANALYSIS · EXTRACTED FROM THE RECORDED GAME ]
Feudal
9:17
Castle
24:07
Imperial
—
| APM avg | 31.9 |
| APM peak | 58 |
| eAPM avg | 17.3 |
| Villagers / military | 96 / 2 |
Focus
⚔️ 23.3% · 🌾 76.7%
Mangonel ×2
Feudal
12:14
Castle
26:56
Imperial
—
| APM avg | 30.0 |
| APM peak | 57 |
| eAPM avg | 14.3 |
| Villagers / military | 48 / 42 |
Focus
⚔️ 30.6% · 🌾 69.4%
Archer ×39 · Mangonel ×3
Match map
Initial resources + every placement click. Lines = walls · curves = elevation contours. ◆ gold · ⬟ stone · ● berries · ✦ relic · ◌ wall gap
Your base· ✓ Closed at 24:07 · 0t walls · 4 gate(s)
Cobos SANTOS (Cabo)'s base· ✓ Closed at 26:56 · 22t walls · 4 gate(s)
Smoothed initial terrain · ◌ = detected wall gap · hover for details
Inputs per minute
— VENI.VIDI.VICI. - - Cobos SANTOS (Cabo)
Build order — VENI.VIDI.VICI.
First 150 of 177 actions detected
| 0:00 | Queue | Villager (Male) |
| 0:00 | Queue | Villager (Male) |
| 0:00 | Queue | Villager (Male) |
| 0:00 | Queue | Villager (Male) |
| 0:00 | Queue | Villager (Male) |
| 0:01 | Queue | Villager (Male) |
| 0:02 | Build | House |
| 0:04 | Build | House |
| 1:27 | Queue | Villager (Male) |
| 1:27 | Queue | Villager (Male) |
| 1:27 | Queue | Villager (Male) |
| 1:27 | Queue | Villager (Male) |
| 1:59 | Queue | Villager (Male) |
| 1:59 | Queue | Villager (Male) |
| 1:59 | Queue | Villager (Male) |
| 1:59 | Queue | Villager (Male) |
| 1:59 | Queue | Villager (Male) |
| 2:05 | Queue | Villager (Male) |
| 2:05 | Queue | Villager (Male) |
| 2:05 | Queue | Villager (Male) |
| 2:05 | Queue | Villager (Male) |
| 2:05 | Queue | Villager (Male) |
| 2:10 | Build | Lumber Camp |
| 2:52 | Queue | Villager (Male) |
| 2:52 | Queue | Villager (Male) |
| 2:52 | Queue | Villager (Male) |
| 2:52 | Queue | Villager (Male) |
| 2:53 | Queue | Villager (Male) |
| 2:53 | Queue | Villager (Male) |
| 3:24 | Build | House |
| 3:28 | Queue | Villager (Male) |
| 3:28 | Queue | Villager (Male) |
| 3:28 | Queue | Villager (Male) |
| 3:29 | Queue | Villager (Male) |
| 3:29 | Queue | Villager (Male) |
| 3:44 | Queue | Villager (Male) |
| 3:44 | Queue | Villager (Male) |
| 3:44 | Queue | Villager (Male) |
| 3:44 | Queue | Villager (Male) |
| 3:44 | Queue | Villager (Male) |
| 3:44 | Queue | Villager (Male) |
| 4:33 | Queue | Villager (Male) |
| 4:33 | Queue | Villager (Male) |
| 4:33 | Queue | Villager (Male) |
| 4:33 | Queue | Villager (Male) |
| 4:50 | Build | Mining Camp |
| 5:16 | Queue | Villager (Male) |
| 5:16 | Queue | Villager (Male) |
| 5:16 | Queue | Villager (Male) |
| 5:16 | Queue | Villager (Male) |
| 5:16 | Queue | Villager (Male) |
| 5:16 | Queue | Villager (Male) |
| 5:47 | Queue | Villager (Male) |
| 5:47 | Queue | Villager (Male) |
| 5:47 | Queue | Villager (Male) |
| 5:47 | Queue | Villager (Male) |
| 6:04 | Research | Loom |
| 6:26 | Build | Mill |
| 6:39 | Research | Loom |
| 7:07 | Research | Feudal Age |
| 7:39 | Build | House |
| 7:48 | Queue | Villager (Male) |
| 7:48 | Queue | Villager (Male) |
| 8:24 | Build | House |
| 9:17 | Age | Feudal Age |
| 9:32 | Build | Watch Tower |
| 9:47 | Queue | Villager (Male) |
| 9:52 | Research | Double-Bit Axe |
| 9:52 | Research | Double-Bit Axe |
| 9:52 | Research | Double-Bit Axe |
| 9:54 | Research | Horse Collar |
| 9:54 | Research | Horse Collar |
| 10:19 | Build | Blacksmith |
| 10:34 | Queue | Villager (Male) |
| 10:34 | Queue | Villager (Male) |
| 10:34 | Queue | Villager (Male) |
| 10:34 | Queue | Villager (Male) |
| 11:05 | Build | Watch Tower |
| 11:15 | Research | Fletching |
| 12:01 | Build | Watch Tower |
| 12:08 | Queue | Villager (Male) |
| 12:08 | Queue | Villager (Male) |
| 12:08 | Queue | Villager (Male) |
| 12:09 | Queue | Villager (Male) |
| 12:15 | Build | Watch Tower |
| 12:57 | Build | Watch Tower |
| 13:04 | Queue | Villager (Male) |
| 13:04 | Queue | Villager (Male) |
| 13:04 | Queue | Villager (Male) |
| 13:04 | Queue | Villager (Male) |
| 13:04 | Queue | Villager (Male) |
| 13:09 | Build | House |
| 13:21 | Research | Wheelbarrow |
| 13:30 | Build | Mining Camp |
| 13:53 | Queue | Villager (Male) |
| 13:53 | Queue | Villager (Male) |
| 13:53 | Queue | Villager (Male) |
| 13:53 | Queue | Villager (Male) |
| 14:39 | Queue | Villager (Male) |
| 14:39 | Queue | Villager (Male) |
| 14:39 | Queue | Villager (Male) |
| 14:39 | Queue | Villager (Male) |
| 15:04 | Build | Watch Tower |
| 15:21 | Build | Palisade Gate |
| 15:25 | Build | House |
| 15:37 | Queue | Villager (Male) |
| 15:37 | Queue | Villager (Male) |
| 15:37 | Queue | Villager (Male) |
| 15:37 | Queue | Villager (Male) |
| 16:11 | Build | Watch Tower |
| 16:26 | Build | Watch Tower |
| 16:46 | Queue | Villager (Male) |
| 16:46 | Queue | Villager (Male) |
| 16:46 | Queue | Villager (Male) |
| 16:46 | Queue | Villager (Male) |
| 16:49 | Build | Farm |
| 16:50 | Build | Farm |
| 16:50 | Build | Farm |
| 16:50 | Build | Farm |
| 16:50 | Build | Farm |
| 16:51 | Build | Farm |
| 16:51 | Build | Farm |
| 16:51 | Build | Farm |
| 16:51 | Build | Farm |
| 16:52 | Build | Farm |
| 16:52 | Build | Farm |
| 16:52 | Build | Farm |
| 16:52 | Build | Farm |
| 17:15 | Build | House |
| 17:28 | Build | House |
| 17:59 | Build | Watch Tower |
| 18:11 | Queue | Villager (Male) |
| 18:11 | Queue | Villager (Male) |
| 18:11 | Queue | Villager (Male) |
| 18:11 | Queue | Villager (Male) |
| 18:32 | Build | Farm |
| 18:32 | Build | Farm |
| 18:32 | Build | Farm |
| 18:32 | Build | Farm |
| 18:33 | Build | Farm |
| 18:33 | Build | Farm |
| 18:33 | Build | Farm |
| 18:33 | Build | Farm |
| 18:51 | Build | House |
| 19:04 | Build | Watch Tower |
| 20:02 | Build | Market |
| 20:12 | Queue | Villager (Male) |
| 20:12 | Queue | Villager (Male) |
| 20:12 | Queue | Villager (Male) |
| 20:23 | Build | Watch Tower |
Build order — Cobos SANTOS (Cabo)
First 150 of 154 actions detected
| 0:00 | Queue | Villager (Male) |
| 0:00 | Queue | Villager (Male) |
| 0:01 | Queue | Villager (Male) |
| 0:02 | Build | House |
| 0:03 | Build | House |
| 0:04 | Queue | Villager (Male) |
| 1:18 | Queue | Villager (Male) |
| 1:44 | Build | Lumber Camp |
| 1:46 | Queue | Villager (Male) |
| 1:59 | Queue | Villager (Male) |
| 2:27 | Queue | Villager (Male) |
| 2:37 | Queue | Villager (Male) |
| 3:28 | Build | House |
| 3:32 | Queue | Villager (Male) |
| 3:39 | Queue | Villager (Male) |
| 3:41 | Build | House |
| 3:45 | Queue | Villager (Male) |
| 4:05 | Queue | Villager (Male) |
| 4:16 | Build | Mill |
| 5:29 | Queue | Villager (Male) |
| 5:29 | Queue | Villager (Male) |
| 5:30 | Queue | Villager (Male) |
| 5:38 | Queue | Villager (Male) |
| 5:43 | Queue | Villager (Male) |
| 6:35 | Queue | Villager (Male) |
| 6:46 | Queue | Villager (Male) |
| 7:14 | Queue | Villager (Male) |
| 7:19 | Build | Mining Camp |
| 8:02 | Queue | Villager (Male) |
| 8:05 | Build | House |
| 8:42 | Queue | Villager (Male) |
| 9:01 | Queue | Villager (Male) |
| 9:35 | Research | Feudal Age |
| 9:45 | Build | Barracks |
| 9:55 | Build | Palisade Wall |
| 10:15 | Build | Palisade Wall |
| 10:17 | Build | Palisade Wall |
| 10:26 | Queue | Villager (Male) |
| 10:30 | Build | Palisade Wall |
| 10:41 | Queue | Villager (Male) |
| 10:48 | Build | Palisade Wall |
| 12:07 | Research | Loom |
| 12:14 | Age | Feudal Age |
| 12:20 | Build | Watch Tower |
| 12:36 | Build | Watch Tower |
| 12:40 | Queue | Villager (Male) |
| 12:43 | Build | Archery Range |
| 12:45 | Build | House |
| 12:47 | Build | House |
| 12:54 | Queue | Villager (Male) |
| 13:08 | Build | Blacksmith |
| 13:09 | Queue | Villager (Male) |
| 13:28 | Queue | Archer |
| 13:28 | Queue | Archer |
| 13:29 | Queue | Archer |
| 13:30 | Queue | Archer |
| 13:45 | Queue | Archer |
| 13:50 | Queue | Villager (Male) |
| 14:11 | Queue | Archer |
| 14:13 | Research | Fletching |
| 14:16 | Build | Farm |
| 14:23 | Build | Farm |
| 14:40 | Build | Archery Range |
| 14:52 | Queue | Villager (Male) |
| 14:52 | Queue | Villager (Male) |
| 15:01 | Queue | Archer |
| 15:18 | Research | Padded Archer Armor |
| 15:21 | Build | Farm |
| 15:29 | Queue | Archer |
| 15:29 | Queue | Archer |
| 15:29 | Queue | Archer |
| 16:06 | Queue | Archer |
| 16:07 | Queue | Archer |
| 16:07 | Queue | Archer |
| 16:25 | Queue | Villager (Male) |
| 16:27 | Build | Farm |
| 16:30 | Queue | Archer |
| 16:30 | Queue | Archer |
| 16:30 | Queue | Archer |
| 16:53 | Build | House |
| 16:55 | Build | House |
| 17:07 | Build | Farm |
| 17:12 | Build | House |
| 17:21 | Queue | Villager (Male) |
| 17:31 | Queue | Villager (Male) |
| 18:00 | Build | House |
| 18:02 | Build | House |
| 18:24 | Queue | Villager (Male) |
| 18:25 | Queue | Villager (Male) |
| 18:27 | Queue | Archer |
| 18:27 | Queue | Archer |
| 18:27 | Queue | Archer |
| 18:42 | Build | Farm |
| 18:46 | Build | Farm |
| 18:52 | Queue | Archer |
| 18:52 | Queue | Archer |
| 18:52 | Queue | Archer |
| 18:53 | Queue | Archer |
| 18:53 | Queue | Archer |
| 19:07 | Build | Farm |
| 19:12 | Queue | Villager (Male) |
| 19:45 | Queue | Villager (Male) |
| 19:48 | Build | House |
| 20:01 | Queue | Villager (Male) |
| 20:08 | Build | Market |
| 20:10 | Queue | Villager (Male) |
| 20:57 | Queue | Villager (Male) |
| 20:57 | Queue | Villager (Male) |
| 21:11 | Build | Farm |
| 21:12 | Build | Farm |
| 21:14 | Build | Mill |
| 21:17 | Queue | Villager (Male) |
| 21:27 | Build | Farm |
| 21:39 | Build | House |
| 22:00 | Research | Wheelbarrow |
| 22:01 | Research | Wheelbarrow |
| 22:10 | Build | Farm |
| 22:23 | Build | Lumber Camp |
| 22:26 | Research | Double-Bit Axe |
| 22:26 | Research | Double-Bit Axe |
| 22:30 | Queue | Archer |
| 22:31 | Queue | Archer |
| 22:31 | Queue | Archer |
| 22:31 | Queue | Archer |
| 22:32 | Queue | Archer |
| 23:33 | Queue | Villager (Male) |
| 24:16 | Research | Castle Age |
| 24:16 | Research | Castle Age |
| 24:54 | Queue | Archer |
| 24:54 | Queue | Archer |
| 24:55 | Queue | Archer |
| 24:55 | Queue | Archer |
| 24:59 | Build | House |
| 25:09 | Queue | Villager (Male) |
| 25:15 | Research | Gold Mining |
| 25:15 | Research | Gold Mining |
| 25:30 | Queue | Archer |
| 25:31 | Queue | Archer |
| 25:31 | Queue | Archer |
| 25:51 | Research | Horse Collar |
| 25:51 | Research | Horse Collar |
| 25:54 | Build | Farm |
| 26:56 | Age | Castle Age |
| 27:07 | Research | Bodkin Arrow |
| 27:07 | Research | Bodkin Arrow |
| 27:20 | Build | Siege Workshop |
| 27:22 | Queue | Villager (Male) |
| 27:23 | Queue | Villager (Male) |
| 27:57 | Queue | Mangonel |
| 28:09 | Queue | Mangonel |
Match timeline
| 9:17 | VENI.VIDI.VICI. · age_up feudal |
| 9:45 | Cobos SANTOS (Cabo) · first_building Barracks |
| 9:55 | Cobos SANTOS (Cabo) · wall_segment Palisade Wall x6 |
| 10:15 | Cobos SANTOS (Cabo) · wall_segment Palisade Wall x1 |
| 10:17 | Cobos SANTOS (Cabo) · wall_segment Palisade Wall x2 |
| 10:30 | Cobos SANTOS (Cabo) · wall_segment Palisade Wall x4 |
| 10:48 | Cobos SANTOS (Cabo) · wall_segment Palisade Wall x9 |
| 12:14 | Cobos SANTOS (Cabo) · age_up feudal |
| 12:43 | Cobos SANTOS (Cabo) · first_building Archery Range |
| 20:55 | Cobos SANTOS (Cabo) · first_market_sell 100 wood |
| 20:56 | Cobos SANTOS (Cabo) · first_market_buy 100 food |
| 21:07 | VENI.VIDI.VICI. · first_market_sell 100 stone |
| 23:43 | VENI.VIDI.VICI. · first_building Barracks |
| 24:07 | VENI.VIDI.VICI. · age_up castle |
| 24:26 | VENI.VIDI.VICI. · first_building Siege Workshop |
| 25:20 | VENI.VIDI.VICI. · first_market_buy 100 stone |
| 26:56 | Cobos SANTOS (Cabo) · age_up castle |
| 27:20 | Cobos SANTOS (Cabo) · first_building Siege Workshop |
| 29:13 | Cobos SANTOS (Cabo) · resign |
[ AI ANALYSIS · 1 CREDIT ]
What really happened in this match?
Wolo.gg analyzes every decision: build order, eco, micro, common mistakes by bracket. Personalized analysis on WhatsApp or Discord in 30 seconds.
Civ guide
Teutons
Perfil
Jugador #4507158